 Dungeon Crawl Stone Soup version 0.29.1-15-g9cfb28693d (webtiles) character file.

Game seed: 17712849946638366424

9806 hawla the Thaumaturge (level 12, 0/91 HPs)
             Began as a Meteoran Ice Elementalist on Mar 3, 2023.
             Was a Priest of Vehumet.
             Slain by a swamp worm (14 damage)
             ... on level 2 of the Lair of Beasts.
             The game lasted 00:29:39 (5677 turns).

hawla the Thaumaturge (Meteoran Ice Elementalist)   Turns: 5677, Time: 00:29:41

Health: 0/91       AC:  6    Str:  8    XL:     12   Next: 10%
Magic:  36/38      EV: 16    Int: 26    God:    Vehumet [***...]
Gold:   406        SH:  0    Dex: 23    Spells: 25/36 levels left

rFire   . . .      SeeInvis +   h - +5 dagger "Cated" {vorpal, rN+ MP+9}
rCold   . . .      Faith    .   (no shield)
rNeg    + . .      Spirit   .   l - +1 robe {Will+}
rPois   +          Reflect  .   o - +0 hat {SInv}
rElec   .          Harm     .   f - +2 cloak {rPois}
rCorr   .          Rampage  .   (no gloves)
Will    ++...      Clarity  +   (no boots)
Stlth   +.........              (no amulet)
HPRegen 0.25/turn               z - +6 ring of intelligence
MPRegen 0.26/turn               (no ring)

@: glowing, very slow
A: sense surroundings 2, otherworldly, glowing, explore regen, agile 2, clarity
a: Renounce Religion


You were on level 2 of the Lair of Beasts.
You worshipped Vehumet.
Vehumet was most pleased with you.
You visited 3 branches of the dungeon, and saw 11 of its levels.
You also visited: Sewer and Bailey.

You collected 793 gold pieces.
You spent 387 gold pieces at shops.

Inventory:

Hand Weapons
 h - the +5 dagger "Cated" (weapon) {vorpal, rN+ MP+9}
   (You found it on level 2 of the Dungeon)

   It inflicts extra damage upon your enemies.
   rN:        It protects you from negative energy.
   MP:        It affects your magic capacity (+9).
 E - the +9 short sword of Siruib {elec, Int+2}
   (You bought it in a shop on level 8 of the Dungeon)

   It occasionally discharges a powerful burst of electricity upon striking a
   foe.
   Int:       It affects your intelligence (+2).
Armour
 f - a +2 cloak of poison resistance (worn)
 l - a +1 robe of willpower (worn)
 o - a +0 hat of see invisible (worn)
Jewellery
 u - a ring of ice
 x - a ring of resist corrosion
 z - a +6 ring of intelligence (left hand)
 D - a ring of wizardry
 I - a ring of wizardry
Wands
 d - a wand of charming (13)
 m - a wand of mindburst (16) (quivered)
 t - a wand of iceblast (6)
 C - a wand of acid (7)
Scrolls
 g - a scroll of immolation
 i - a scroll of torment {unknown}
 j - 2 scrolls of fear {unknown}
 q - 2 scrolls of amnesia {unknown}
 r - 2 scrolls of acquirement {unknown}
 s - a scroll of silence {unknown}
 v - 3 scrolls of fog {unknown}
 w - 2 scrolls of noise {unknown}
 y - a scroll of poison {unknown}
 G - a scroll of magic mapping
 H - 2 scrolls of enchant armour {unknown}
 K - a scroll of identify
Potions
 b - 5 potions of magic
 c - 3 potions of invisibility {unknown}
 e - 5 potions of curing
 k - 2 potions of brilliance {unknown}
 n - 2 potions of haste
 p - a potion of ambrosia {unknown}
 A - 2 potions of attraction {unknown}
 F - 2 potions of flight {unknown}
Miscellaneous
 J - a lightning rod (4/4)


   Skills:
 + Level 4.1 Fighting
 * Level 4.1 Short Blades
 + Level 5.4 Dodging
 - Level 1.4 Stealth
 + Level 12.9 Spellcasting
 + Level 8.2 Conjurations
 + Level 11.7 Ice Magic
 + Level 0.3 Earth Magic
 + Level 3.0 Evocations


You had 25 spell levels left.
You knew the following spells:

 Your Spells              Type           Power      Damage    Failure   Level
a - Freeze                Ice            100%       1d11      1%          1
b - Frozen Ramparts       Ice            100%       1d16      1%          3
c - Hailstorm             Conj/Ice       62%        3d13      1%          4
d - Stone Arrow           Conj/Erth      78%        3d11      1%          3

Your spell library contained the following spells:

 Spells                   Type           Power      Damage    Failure   Level
 Ensorcelled Hibernation  Hex/Ice        94%        N/A       1%          2
 Poisonous Vapours        Pois/Air       32%        N/A       1%          2
 Ozocubu's Armour         Ice            67%        N/A       1%          3
 Passwall                 Tmut/Erth      14%        N/A       4%          2
 Metabolic Englaciation   Hex/Ice        23%        N/A       9%          5
 Gell's Gravitas          Tloc           16%        N/A       11%         3
 Lesser Beckoning         Tloc           16%        N/A       11%         3
 Spider Form              Tmut/Pois      16%        N/A       11%         3
 Swiftness                Air            16%        N/A       11%         3
 Teleport Other           Tloc           16%        N/A       11%         3
 Anguish                  Hex/Necr       8%         N/A       34%         4
 Corpse Rot               Necr/Pois/Air  16%        N/A       34%         4
 Simulacrum               Ice/Necr       23%        N/A       43%         6


Dungeon Overview and Level Annotations

Branches:
Dungeon (8/15) Zot: 46     Temple (1/1) D:6 Zot: 525    Lair (2/5) D:8 Zot: 847
  Sewer (visited)          Bailey (visited)
  Swamp: Lair:2-3    Shoals: Lair:2-3     Snake: Lair:2-3    Spider: Lair:2-3

Altars:
Ashenzari
Cheibriados
Fedhas
Hepliaklqana
Kikubaaqudgha
Makhleb
Nemelex Xobeh
Ru
Sif Muna
Trog
Uskayaw
Vehumet
Wu Jian
Xom
Yredelemnul
The Shining One

Shops:
D:7 *   D:8 (


Innate Abilities, Weirdness & Mutations

You passively map the area around you.
You are easily found by Zot.
You glow in the dark.
You regain HP and MP as you explore.
You are very agile. (Dex +8, Str/Int -2)
You possess an exceptional clarity of mind.


Message History

The creatures around you are filled with an inner flame!
It was a scroll of immolation.
The swamp worm closely misses you.
As you read the scroll labelled ARINIRR PUOL, it crumbles to dust.
It is a scroll of brand weapon.
You aren't carrying any weapons that can be branded.
The swamp worm bites you!! The swamp worm bites you!
Okay, then.
The swamp worm attacks as you move away!
The swamp worm bites you.
The swamp worm fires a harpoon shot at you.
The harpoon shot misses you.
The swamp worm fires a harpoon shot at you.
The harpoon shot hits you!
You are yanked forward by the harpoon shot.
The swamp worm attacks as you move away!
The swamp worm misses you.
The swamp worm fires a harpoon shot at you.
The harpoon shot hits you!
You are yanked forward by the harpoon shot.
Splash!
You fall into the shallow water.
Moving in this stuff is going to be slow.
The swamp worm bites you but does no damage.
It was a potion of curing.
You feel better. The swamp worm bites you!!
* * * LOW HITPOINT WARNING * * *
The swamp worm bites you.
* * * LOW HITPOINT WARNING * * *
The bog body closely misses you. The swamp worm bites you.
* * * LOW HITPOINT WARNING * * *
Really read the scroll of immolation? [Y]es or [N]o only, please.
Really read the scroll of immolation?
Okay, then.
You feel better. The swamp worm completely misses you.
The bog body gestures at you while chanting.
The bolt of cold hits you!
* * * LOW HITPOINT WARNING * * *
The bog body touches you but does no damage.
The swamp worm bites you!
You die...

, * , ♣............ * ,
, ♣♣♣##.P##.... * , ♣ ♣
#####P... * ,, , **
♣♣..~♣ ##... , , **
♣~♣.~♣ ##.... , ,,
♣~..~♣ #..... , ♣~♣.~♣
###... *, , , ,,
♣wn.~♣♣## ####....
♣@n.~♣♣.###.###... ** ,
♣~w.~♣.#..##.#P... ,, ,
, ,♣~.♣≈♣............ ,
, , *#.
♣~..~♣............ ,, *
P.♣~..~♣............ ,
* ##.♣♣..♣♣.†....#.#+..
, ...♣..♣..#.PP.#....P
, , ,,
.####.♣..♣.#####.+.....
, , , , .......⌠⌠..#
#P.#....P


You could see 2 bog bodies and 2 swamp worms.

Vanquished Creatures
  Gastronok (D:8)
  The ghost of nroviw the Cleaver, a novice DsAK of Lugonu (D:6)
  2 bog bodies (Lair:2)
  An orc knight (Bailey)
  A deep elf pyromancer (Bailey)
  A black mamba (Lair:2)
  A cane toad (Lair:1)
  A komodo dragon (Lair:2)
  A polar bear (Lair:1)
  A wyvern (Lair:2)
  9 yaks
  A steam dragon (D:7)
  2 water moccasins
  9 orc warriors
  An ice beast (D:7)
  3 sky beasts
  A centaur (D:8)
  An ogre (D:6)
  3 kobold brigands
  A phantom (D:4)
  2 bullfrogs
  2 gnoll sergeants
  A scorpion (D:7)
  3 killer bees (D:8)
  3 howler monkeys (D:8)
  3 jellies
  3 gnoll boudas
  7 hounds
  3 orc priests (D:8)
  4 iguanas
  9 orc wizards
  6 adders
  20 gnolls
  2 river rats (D:4)
  2 shadow imps (D:7)
  A white imp (D:7)
  An ufetubus (D:5)
  2 worms (D:4)
  A dart slug (D:1)
  27 orcs
  4 endoplasms
  5 giant cockroaches
  5 goblins
  10 hobgoblins
  24 kobolds
  3 quokkas (D:4)
  8 ball pythons
  5 bats
  3 frilled lizards
  5 rats
216 creatures vanquished.

Vanquished Creatures (collateral kills)
  An ice beast (D:6)
1 creature vanquished.

Vanquished Creatures (others)
  2 fungi
  38 plants
40 creatures vanquished.

Grand Total: 257 creatures vanquished

Notes
Turn   | Place    | Note
-------+----------+-------------------------------------------
     0 | D:1      | hawla the Meteoran Ice Elementalist began the quest for the
                  | Orb.
     0 | D:1      | Reached XP level 1. HP: 14/14 MP: 5/5
    98 | D:1      | Reached XP level 2. HP: 5/20 MP: 1/6
   264 | D:1      | Reached skill level 3 in Spellcasting
   297 | D:1      | You fall into a shaft and drop 1 floor!
   328 | D:2      | Reached XP level 3. HP: 26/26 MP: 6/8
   332 | D:2      | Learned a level 3 spell: Frozen Ramparts
   343 | D:2      | Identified the +5 dagger "Cated" {vorpal, rN+ MP+9}
   369 | D:3      | Reached skill level 5 in Ice Magic
   372 | D:3      | Found a broken altar of Ashenzari.
   451 | D:4      | Noticed a phantom
   585 | D:4      | Reached XP level 4. HP: 32/33 MP: 10/10
   590 | D:4      | Learned a level 4 spell: Hailstorm
   627 | D:4      | Reached skill level 1 in Conjurations
   628 | D:4      | Reached XP level 5. HP: 38/38 MP: 11/11
   722 | D:4      | Found an ornate altar of the Wu Jian Council.
   767 | D:4      | Found a glowing drain.
   777 | Sewer    | Entered a sewer
   795 | Sewer    | Noticed a kobold brigand
   810 | Sewer    | Killed a kobold brigand
   811 | Sewer    | Reached XP level 6. HP: 29/45 MP: 0/12
   917 | Sewer    | Reached skill level 5 in Conjurations
  1084 | D:4      | Reached skill level 4 in Spellcasting
  1084 | D:4      | Reached XP level 7. HP: 40/50 MP: 14/14
  1323 | D:4      | Found a bloodstained altar of Trog.
  1555 | D:5      | Entered Level 5 of the Dungeon
  2093 | D:5      | Reached skill level 1 in Short Blades
  2094 | D:5      | Reached skill level 1 in Fighting
  2395 | D:6      | Gained mutation: You are agile. (Dex +4, Str/Int -1)
                  | [potion of mutation]
  2395 | D:6      | Gained mutation: You are very agile. (Dex +8, Str/Int -2)
                  | [potion of mutation]
  2395 | D:6      | Gained mutation: You possess an exceptional clarity of
                  | mind. [potion of mutation]
  2441 | D:6      | Reached skill level 5 in Spellcasting
  2441 | D:6      | Reached XP level 8. HP: 59/59 MP: 16/16
  2609 | D:6      | Noticed nroviw's ghost (novice DsAK)
  2619 | D:6      | Found a runed translucent door.
  2675 | D:6      | HP: 3/136 [nroviw's ghost (5)]
  2675 | D:6      | HP: 1/136 [nroviw's ghost (2)]
  2677 | D:6      | Killed nroviw's ghost
  2678 | D:6      | Reached skill level 7 in Spellcasting
  2678 | D:6      | Gained mutation: You passively map the area around you.
                  | [Meteoran growth]
  2678 | D:6      | Reached XP level 9. HP: 2/68 MP: 20/20
  2758 | D:6      | Found a staircase to the Ecumenical Temple.
  3151 | Temple   | Entered the Ecumenical Temple
  3208 | Temple   | Became a worshipper of Vehumet
  3271 | D:7      | Reached skill level 8 in Spellcasting
  3369 | D:7      | Reached XP level 10. HP: 69/77 MP: 23/23
  3526 | D:7      | Reached skill level 9 in Spellcasting
  3784 | D:7      | Found Rihiy's Assorted Antiques.
  3790 | D:7      | Bought a scroll labelled ARIWKO NIPN for 31 gold pieces
  3790 | D:7      | Bought a scroll of identify for 62 gold pieces
  3790 | D:7      | Bought a scroll of identify for 62 gold pieces
  4059 | D:7      | Found a sparkling altar of Nemelex Xobeh.
  4134 | D:7      | Reached * piety under Vehumet
  4134 | D:7      | Offered knowledge of Sandblast by Vehumet.
  4203 | D:7      | Found a shimmering blue altar of Sif Muna.
  4342 | D:8      | Found a staircase to the Lair.
  4381 | D:8      | Reached skill level 10 in Spellcasting
  4431 | D:8      | Found Mucvo's Antique Weapon Shop.
  4456 | D:8      | Bought an ancient short sword for 232 gold pieces
  4456 | D:8      | Identified the +9 short sword of Siruib {elec, Int+2} (You
                  | bought it in a shop on level 8 of the Dungeon)
  4475 | D:8      | Reached skill level 10 in Ice Magic
  4502 | D:8      | Noticed Gastronok
  4514 | D:8      | Killed Gastronok
  4515 | D:8      | Reached skill level 11 in Spellcasting
  4583 | D:8      | Reached XP level 11. HP: 36/82 MP: 27/27
  4614 | D:8      | Found a flagged portal.
  4628 | Bailey   | Entered a bailey
  4652 | Bailey   | Reached skill level 5 in Dodging
  4693 | Bailey   | Found a large runed translucent door.
  4693 | Bailey   | Found a large runed translucent door.
  4693 | Bailey   | Noticed an orc knight
  4694 | Bailey   | Noticed a deep elf pyromancer
  4700 | Bailey   | Killed an orc knight
  4705 | Bailey   | Reached ** piety under Vehumet
  4705 | Bailey   | Offered knowledge of Foxfire by Vehumet.
  4810 | Bailey   | Killed a deep elf pyromancer
  4910 | D:8      | Found a shimmering altar of Xom.
  5142 | D:8      | Identified the +5 hand axe of Karma {elec, *Corrode rC+
                  | Int+8}
  5242 | D:8      | Reached skill level 12 in Spellcasting
  5245 | D:8      | Offered knowledge of Stone Arrow by Vehumet.
  5260 | D:8      | Learned a level 3 spell: Stone Arrow
  5271 | D:8      | Glimpsed the power of Zot.
  5321 | D:8      | Glimpsed the power of Zot.
  5325 | Lair:1   | Entered Level 1 of the Lair of Beasts
  5364 | Lair:1   | Reached skill level 1 in Evocations
  5416 | Lair:2   | Noticed a black mamba
  5422 | Lair:2   | Killed a black mamba
  5467 | Lair:2   | Reached *** piety under Vehumet
  5481 | Lair:2   | Noticed a bog body
  5481 | Lair:2   | Noticed a bog body
  5491 | Lair:2   | Killed a bog body
  5492 | Lair:2   | Killed a bog body
  5505 | Lair:2   | Reached XP level 12. HP: 52/91 MP: 24/29
  5670 | Lair:2   | Noticed a bog body
  5671 | Lair:2   | Noticed a bog body
  5677 | Lair:2   | Slain by a swamp worm

Illustrated notes

Levels and vault maps discovered:
D:1:      lightli_arrival_noodles, layout_basic, minmay_close_crescents
D:2:      layout_rooms
D:3:      layout_basic, nicolae_qazlal_eye_of_the_storm, elyvilon_altar_5,
          lemuel_tele_altar, lemuel_doored_altar, evilmike_ruin_ashenzari,
          shapermc_ecumenical_altar_flowoftime
D:4:      layout_basic, trog_butcher_becter, general_overflow_altar,
          portal_sewer_entry_e
D:5:      layout_basic, lightli_minifort
D:6:      layout_basic, minmay_temple_entry_wispy,
          hellmonk_ghost_happy_afterlife
D:7:      layout_loops_ring, led_sif_pool, nemelex_diamond_rough_becter,
          serial_shops, nicolae_shop_waterfront,
          corexii_mini_fake_secret_closet, st_stairs_4,
          minmay_increasing_density
D:8:      kennysheep_housing_project, layout_basic,
          mainiacjoe_overflow_concentric_impassable, lair_entry_dummy,
          serial_shops, nicolae_shop_stone, enter_bailey_7, uniq_gastronok
Temple:   zaba_magenta_temple
Lair:1:   layout_hall_layers, cheibrodos_lair_lostbears
Lair:2:   layout_chaotic_city, nicolae_swamp_entry_splash_gauntlet,
          dummy_spider_entry, uniq_amaemon, uniq_maggie

Skill      XL: |  1  2  3  4  5  6  7  8  9 10 11 12 |
---------------+-------------------------------------+-----
Spellcasting   | 3 4 5 7 8 11 12 | 12.9
Ice Magic      | 5 6 7 8 10 11 | 11.7
Conjurations   | 1 4 5 6 8 |  8.2
Short Blades   | 1 2 3 4 |  4.1
Fighting       | 1 2 3 4 |  4.1
Dodging        | 3 4 5 |  5.4
Evocations     | 3 |  3.0
Stealth        | |  1.4
Earth Magic    | |  0.3

Action                   |  1- 3 |  4- 6 |  7- 9 | 10-12 || total
-------------------------+-------+-------+-------+-------++-------
Melee: Unarmed           |     2 |       |       |       ||     2
       Dagger            |    14 |    36 |    46 |    43 ||   139
       Punch             |       |     1 |     2 |     1 ||     4
 Cast: Freeze            |    30 |    15 |    18 |    41 ||   104
       Frozen Ramparts   |     3 |     8 |    21 |    33 ||    65
       Hailstorm         |       |     9 |    18 |    61 ||    88
       Stone Arrow       |       |       |       |    13 ||    13
  Use: Scroll            |     3 |       |     6 |     7 ||    16
       Potion            |       |     1 |     8 |     4 ||    13
Armor: Robe              |    10 |    12 |     7 |    24 ||    53
       Skin              |       |       |     8 |       ||     8
Dodge: Dodged            |    19 |    17 |    17 |    58 ||   111
